 Dungeon Crawl Stone Soup version 0.31-a0-1068-g5939ac1fb6 (webtiles) character file.

Game seed: 10853757638504296947

430 Capuchin the Slasher (level 6, -1/57 HPs)
             Began as a Minotaur Berserker on Nov 24, 2023.
             Was a Priest of Trog.
             Succumbed to a killer bee's poison
             ... on level 5 of the Dungeon.
             The game lasted 00:15:55 (3460 turns).

Capuchin the Slasher (Minotaur Berserker)           Turns: 3460, Time: 00:15:55

Health: -1/57      AC:  3    Str: 24    XL:     6   Next: 66%
Magic:  5/5        EV: 12    Int:  4    God:    Trog [***...]
Gold:   179        SH:  0    Dex:  9    Spells: 5/5 levels left

rFire   . . .        a - +0 falchion
rCold   + . .        (no shield)
rNeg    . . .        n - +0 troll leather armour {Pargi}
rPois   .            (helmet restricted)
rElec   .            (no cloak)
rCorr   .            (no gloves)
SInv    .            (no boots)
Will    +....        (no amulet)
Stlth   +            b - ring of protection from cold
HPRegen 1.09/turn    (no ring)
MPRegen 0.09/turn

%: no passive effects
@: lethally poisoned (-1 -> -7), attractive, enlightened, flying
A: horns 2, retaliatory headbutt
a: Renounce Religion, Berserk, Trog's Hand


You were on level 5 of the Dungeon.
You worshipped Trog.
Trog was most pleased with you.
You visited 1 branch of the dungeon, and saw 5 of its levels.

You collected 179 gold pieces.

Inventory:

Hand Weapons
 a - a +0 falchion (weapon)
 m - a +0 dagger of venom
Armour
 e - a +0 chain mail
 l - a +0 pair of boots
 n - a +0 troll leather armour (worn) {Pargi}
 s - a +0 plate armour
Jewellery
 b - a ring of protection from cold (left hand)
Talismans
 d - a serpent talisman
 g - a flux talisman
Scrolls
 c - 4 scrolls of identify {unknown}
 i - a scroll of summoning {unknown}
 j - a scroll of vulnerability {unknown}
 k - a scroll of enchant weapon {unknown}
 q - a scroll of revelation {unknown}
 r - 2 scrolls of silence {unknown}
Potions
 f - a potion of attraction
 h - a potion of enlightenment
 o - 2 potions of curing {unknown}
 p - a potion of invisibility {unknown}


   Skills:
 + Level 6.0 Fighting
 + Level 6.1 Long Blades
 + Level 4.6 Armour
 + Level 2.9 Dodging
 + Level 0.1 Stealth


You had 5 spell levels left.
You didn't know any spells.
Your spell library was empty.

Dungeon Overview and Level Annotations

Branches:
Dungeon (5/15)
 Temple: D:4-7

Altars:
Elyvilon
Fedhas
Gozag
Qazlal
Yredelemnul
Zin
The Shining One


Innate Abilities, Weirdness & Mutations

You have a pair of horns on your head.
You reflexively headbutt those who attack you in melee.


Message History

Trog accepts your kill.
You feel sick. The killer bee stings you.
Your Long Blades skill increases to level 6!
You hit the killer bee.
The killer bee is heavily wounded.
You feel sick. The killer bee stings you! The killer bee stings you.
You are more poisoned.
The killer bee poisons you!
You hit the killer bee.
The killer bee is heavily wounded.
You feel sick. The killer bee barely misses you. The killer bee stings you.
You hit the killer bee but do no damage.
The killer bee is heavily wounded.
You feel sick. The killer bee stings you. x2
You are more poisoned.
The killer bee poisons you!
You hit the killer bee but do no damage.
The killer bee is heavily wounded.
You feel very sick.
The killer bee stings you but does no damage.
The killer bee stings you.
* * * LOW HITPOINT WARNING * * *
You miss the killer bee.
The killer bee is heavily wounded.
You feel sick. The killer bee stings you!
* * * LOW HITPOINT WARNING * * *
You are lethally poisoned!
The killer bee poisons you! The killer bee stings you.
* * * LOW HITPOINT WARNING * * *
It was a potion of attraction.
You feel attractive to monsters.
* * * LOW HITPOINT WARNING * * *
You feel very sick. The killer bee stings you.
* * * LOW HITPOINT WARNING * * *
The killer bee misses you.
It was a potion of enlightenment.
You feel very buoyant.
You fly up into the air.
You die...

# #######
#.#<##..###
#.........#
#.#.....#.#
#.#.....#@#
# #.###.#y#
#.......#
#.......#
#..
#.......#
#.
#.......# )
.....>..# #
+ .........
.#+#
.......##


You could see a killer bee.

Vanquished Creatures
  Pargi (D:3)
  A killer bee (D:5)
  A hound (D:4)
  A jelly (D:4)
  10 gnolls
  5 adders
  A worm (D:2)
  3 dart slugs (D:1)
  2 orcs (D:4)
  8 ball pythons
  6 endoplasms
  2 giant cockroaches (D:1)
  6 goblins
  7 hobgoblins
  2 jackals (D:1)
  12 kobolds
  3 quokkas
  6 bats
  A frilled lizard (D:2)
  7 rats
85 creatures vanquished.

Notes
Turn   | Place    | Note
-------+----------+-------------------------------------------
     0 | D:1      | Capuchin the Minotaur Berserker began the quest for the
                  | Orb.
     0 | D:1      | Reached XP level 1. HP: 19/19 MP: 0/0
    87 | D:1      | Reached XP level 2. HP: 25/27 MP: 1/1
   179 | D:1      | Found a faded altar of an unknown god.
   369 | D:1      | Reached XP level 3. HP: 30/33 MP: 2/2
   835 | D:1      | Reached ** piety under Trog
  1229 | D:2      | Reached XP level 4. HP: 19/41 MP: 3/3
  1237 | D:2      | Reached skill level 5 in Fighting
  1380 | D:2      | Found an opulent altar of Gozag.
  1392 | D:2      | Reached skill level 5 in Long Blades
  1430 | D:2      | Reached XP level 5. HP: 9/48 MP: 4/4
  1954 | D:3      | Noticed Pargi
  1961 | D:3      | Killed Pargi
  2359 | D:4      | Reached XP level 6. HP: 57/57 MP: 5/5
  2371 | D:4      | Found a stormy altar of Qazlal.
  2375 | D:4      | Found a blossoming altar of Fedhas.
  2398 | D:4      | Found a basalt altar of Yredelemnul.
  2429 | D:5      | Entered Level 5 of the Dungeon
  2523 | D:4      | Reached *** piety under Trog
  2809 | D:4      | Found a glowing golden altar of the Shining One.
  2810 | D:4      | Found a glowing silver altar of Zin.
  2811 | D:4      | Found a white marble altar of Elyvilon.
  3459 | D:5      | HP: 1/57 [killer bee (2)]
  3460 | D:5      | Succumbed to a killer bee's poison

Illustrated notes

Levels and vault maps discovered:
D:1:      dpeg_arrival_concentric_ovals, layout_basic,
          hellmonk_ecumenical_altar_lost_god, nrook_mini_vaults,
          minmay_shallow_snake_nest
D:2:      minmay_kobold_bridge, layout_rooms, basic_altar,
          kennysheep_generic_room_14
D:3:      layout_rooms, uniq_pargi
D:4:      kennysheep_spiral_hall, layout_basic, good_gods_temple_1,
          minmay_overflow_temple_star_quad, minivault_11
D:5:      minmay_polygon_palace, layout_basic, minmay_temple_entry_stoned_glass,
          ebering_ghost_reflecting_pool, serial_shops,
          nicolae_shop_tiny_waterfront, nicolae_shop_behind_doors,
          nicolae_shop_drivethru, nicolae_shop_stone, shop, grunt_decor_cap

Skill      XL: |  1  2  3  4  5  6 |
---------------+-------------------+-----
Long Blades    | 4 5 6 |  6.1
Fighting       | 4 5 6 |  6.0
Armour         | 3 4 |  4.6
Dodging        | |  2.9
Stealth        | |  0.1

Action                     |  1- 3 |  4- 6 || total
---------------------------+-------+-------++-------
  Melee: Falchion          |    96 |   137 ||   233
         Headbutt          |    14 |    23 ||    37
         Punch             |       |     3 ||     3
    Use: Potion            |       |     2 ||     2
 Armour: Animal skin       |    11 |       ||    11
         Chain mail        |    65 |   101 ||   166
         Troll leather arm |       |    19 ||    19
  Dodge: Dodged            |    44 |    86 ||   130

Table legend: (Time is in decaauts)
 A = Elapsed time spent in this place.
 B = Non-inter-level travel time spent in this place.
 C = Inter-level travel time spent in this place.
 D = Time resting spent in this place.
 E = Time spent auto-exploring this place.
 F = Levels seen in this place.
 G = Mean time per level.
                   A        B        C        D        E       F      G
               +--------+--------+--------+--------+--------+-----+--------+
         Total |   3476 |   3368 |    108 |    333 |   1950 |   5 |  695.2 |
       Dungeon |   3476 |   3368 |    108 |    333 |   1950 |   5 |  695.2 |
               +--------+--------+--------+--------+--------+-----+--------+

Top non-repeatable levels by time:
     D:1: 1115 daAuts
     D:4: 1075 daAuts
     D:2: 756 daAuts
     D:3: 498 daAuts
     D:5: 31 daAuts
